 Dungeon Crawl Stone Soup version 0.14.1-23-g35e4e54 (webtiles) character file.

213 Christof the Covered (level 4, 0/40 HPs)
             Began as a Minotaur Fighter on June 13, 2014.
             Slain by an adder (3 damage)
             ... on Level 2 of the Dungeon.
             The game lasted 00:11:07 (2324 turns).

Christof the Covered (Minotaur Fighter)             Turns: 2324, Time: 00:11:08

HP   0/40        AC  7     Str 20      XL: 4   Next:  8%
MP   2/2         EV  6     Int  6      God:
Gold 140         SH 19     Dex 10      Spells:  0 memorised,  3 levels left

rFire  . . .     SeeInvis .     a - +0 flail
rCold  . . .     Clarity  .     b - +0 scale mail
rNeg   . . .     Conserve .     c - +0 shield
rPois  .         rCorr    .     (helmet restricted)
rElec  .         rRot     .     (no cloak)
SustAb . .       Spirit   .     (no gloves)
rMut   .         Warding  .     (no boots)
Saprov . . .     Stasis   .     (no amulet)
MR     .....                    (no ring)
                                (no ring)

@: not resistant to hostile enchantments, extremely unstealthy
A: retaliatory headbutt, horns 2
a: no special abilities


You were on level 2 of the Dungeon.
You were not hungry.

You visited 1 branch of the dungeon, and saw 3 of its levels.

You collected 140 gold pieces.

Inventory:

Hand weapons
 a - a +0,+0 flail (weapon)
 k - a +0,+2 mace
Armour
 b - a +0 scale mail (worn)
 c - a +0 shield (worn)
Comestibles
 h - 2 meat rations
 q - a beef jerky
 u - a cheese
Scrolls
 d - a scroll of immolation {unknown}
 e - 2 scrolls of remove curse {unknown}
 g - a scroll of enchant armour {unknown}
 j - 4 scrolls of identify {unknown}
 m - a scroll of blinking {unknown}
 o - a scroll of teleportation {unknown}
 p - a scroll of enchant weapon I {unknown}
 r - a scroll of fog {unknown}
 s - a scroll of magic mapping {unknown}
Jewellery
 l - an uncursed amulet of guardian spirit {unknown}
Potions
 f - a potion of brilliance {unknown}
 i - 3 potions of haste {unknown}
 n - a potion of agility {unknown}
 t - a potion of curing {unknown}
 v - a potion of beneficial mutation {unknown}


   Skills:
 + Level 3.9 Fighting
 * Level 3.3 Maces & Flails
 + Level 4.5 Armour
 + Level 4.4 Shields


You had 3 spell levels left.
You didn't know any spells.

Dungeon Overview and Level Annotations

Branches:
Dungeon (3/15)

Altars:
Fedhas
Zin


Innate Abilities, Weirdness & Mutations

You reflexively headbutt those who attack you in melee.
You have a pair of horns on your head.


Message History

The adder bites you.
* * * LOW HITPOINT WARNING * * *
You are poisoned.
The adder poisons you!
You feel sick. The adder bites you.
* * * LOW HITPOINT WARNING * * *
You feel sick. The adder bites you.
* * * LOW HITPOINT WARNING * * *
You feel sick. You block the adder's attack. You block the adder's attack.
You feel sick. The adder bites you but does no damage.
You feel sick. The adder closely misses you.
You feel sick.
You are no longer poisoned.
The adder bites you.
You die...

#### #.......################
...# #..........(..........>#
...# #.......####.#########.#
...####.......# #.# #.#
......#.......# #.# #.#
..#...#.......# #.# #.#
..#...#.......# #.# #.#
..#...#.......####.#########.#
..'.............@S...........#
..#...#####.####......######.#
####### #...........# #.#
#######...........# #.#
#.................# #.#
#####....##...........# #.#
#...#....##.########### #%#
#...#....##.# #.#
#...#....##.# #.#


You could see an adder.

Vanquished Creatures
  Terence (D:2)
  An adder (D:2)
  2 giant geckos
  6 orcs
  3 bats
  3 giant cockroaches
  A goblin (D:1)
  9 hobgoblins
  3 jackals (D:2)
  3 kobolds
  3 giant newts
  5 rats
40 creatures vanquished.

Notes
Turn   | Place    | Note
--------------------------------------------------------------
     0 | D:1      | Christof, the Minotaur Fighter, began the quest for the Orb.
     0 | D:1      | Reached XP level 1. HP: 19/19 MP: 1/1
     2 | D:1      | Noticed a spriggan
     2 | D:1      | Noticed an octopode
     4 | D:1      | Noticed a formicid
     6 | D:1      | Noticed a felid
     8 | D:1      | Noticed a vampire
     8 | D:1      | Noticed a draconian
    10 | D:1      | Noticed a merfolk
    10 | D:1      | Noticed a human
    12 | D:1      | Noticed a ghoul
    16 | D:1      | Noticed a gargoyle
    16 | D:1      | Noticed a naga
    18 | D:1      | Noticed a troll
    18 | D:1      | Noticed an elf
    20 | D:1      | Noticed a vine stalker
    20 | D:1      | Noticed an ogre
    22 | D:1      | Noticed a minotaur
    22 | D:1      | Noticed a centaur
    24 | D:1      | Noticed a demigod
    24 | D:1      | Noticed a demonspawn
    26 | D:1      | Noticed a dwarf
    26 | D:1      | Noticed a tengu
   264 | D:1      | Reached XP level 2. HP: 24/27 MP: 1/1
   351 | D:1      | Reached skill level 4 in Armour
   949 | D:2      | Reached XP level 3. HP: 28/33 MP: 2/2
   990 | D:2      | Noticed Terence
  1017 | D:2      | Killed Terence
  1204 | D:2      | Found a blossoming altar of Fedhas.
  2005 | D:3      | Found a glowing silver altar of Zin.
  2168 | D:3      | Reached XP level 4. HP: 35/40 MP: 2/2
  2324 | D:2      | Slain by an adder

Action                   |  1- 3 |  4- 6 || total
-------------------------+-------+-------++-------
Melee: Flail             |   118 |    14 ||   132
  Use: Potion            |     1 |       ||     1
